Map: El Dorado

Players

wootwoot - Winner!

  • Race: Terran Terran
  • League: Platinum
  • Spawn Location: 5:00

raynor

  • Race: Protoss Protoss
  • Spawn Location: 7:00

VOD

Have the link to the VOD?

Description

Time

  • Played on: April 1, 2025, 10:18 p.m.
  • Length: 1:39
Show
View Real Time Build Order
Export as new Build Order

wootwoot Terran - Winner!

Build Orders:  

Get SALT Encoding   

  12  0:00  SCV  
  13  0:13  SCV  
  14  0:19  Supply Depot  
  14  0:25  SCV  
  15  0:40  SCV  
  15  0:42  Barracks  
  16  0:47  Refinery  
  16  0:52  SCV  
  17  1:02  Refinery  
  17  1:04  SCV  
  18  1:17  SCV  
  19  1:31  Barracks Reactor  
Show
View Real Time Build Order
Export as new Build Order

raynor Protoss 

Build Orders:  

Get SALT Encoding   

  12  0:00  Probe  
  13  0:13  Probe  
  14  0:25  Probe  
  15  0:38  Pylon  
  15  0:40  Assimilator  
  15  0:56  Probe  
  16  1:08  Probe  
  16  1:11  Gateway  
  17  1:18  Assimilator  
  17  1:19  Probe  
Tags
 
League
Platinum
Matchup
PvT
Replay Pack
B2M-Replays
Spawn Locations
Close Positions
Add a new tag
Caveats
  • Supply blocks, unpowered buildings, or Contaminate may cause inaccurate times.
  • Supply counts are checked every 10 seconds.